 Seeded DCSS version 0.25-a0-860-gf695395 (webtiles) character file.

Game seed: 5087006423249966728, levelgen mode: deterministic

370 thesequoiad the Shield-Bearer (level 6, -2/51 HPs)
             Began as a Barachi Fighter on Apr 26, 2020.
             Was an Initiate of Okawaru.
             Killed from afar by an orc wizard (5 damage)
             ... with a magic dart
             ... on level 4 of the Dungeon on Apr 27, 2020.
             The game lasted 00:14:40 (3358 turns).

thesequoiad the Shield-Bearer (Barachi Fighter)     Turns: 3358, Time: 00:14:41

Health: -2/51      AC:  9    Str: 19    XL:     6   Next: 70%
Magic:  0/6        EV:  5    Int:  9    God:    Okawaru [......]
Gold:   39         SH:  0    Dex: 11    Spells: 5/5 levels left

rFire    . . .     SeeInvis .   a - +0 war axe
rCold    . . .     Gourm    .   c - +0 kite shield
rNeg     . . .     Faith    .   g - +0 chain mail
rPois    .         Spirit   +   (no helmet)
rElec    .         Reflect  .   k - scarf {Spirit}
rCorr    .         Harm     .   (no gloves)
MR       .....                  (no boots)
Stlth    ..........             (no amulet)
HPRegen  0.17/turn              (no ring)
MPRegen  0.10/turn              (no ring)

@: confused, mighty, slow
A: +LOS, swims, slowness 1, strong legs 1
a: Hop, Renounce Religion


You were on level 4 of the Dungeon.
You worshipped Okawaru.
Okawaru was noncommittal.
You were hungry.

You visited 1 branch of the dungeon, and saw 4 of its levels.

You collected 81 gold pieces.
You spent 42 gold pieces at shops.

Inventory:

Hand Weapons
 a - a +0 war axe (weapon)
Missiles
 j - 8 boomerangs (quivered)
Armour
 c - a +0 kite shield (worn)
 g - a +0 chain mail (worn)
 k - a scarf of spirit shield (worn)
Scrolls
 b - a scroll of identify
 e - a scroll of amnesia
 l - 3 scrolls of remove curse
 m - a scroll of teleportation
 n - a scroll of magic mapping
Potions
 h - a potion of mutation
 p - a potion of lignification
Comestibles
 f - 7 rations


   Skills:
 + Level 5.0 Fighting
 + Level 3.8 Axes
 + Level 5.1 Armour
 * Level 5.6 Shields


You had 5 spell levels left.
You didn't know any spells.
Your spell library was empty.

Dungeon Overview and Level Annotations

Branches:
Dungeon (4/15)
 Temple: D:4-7

Altars:
Elyvilon
Hepliaklqana
Makhleb
Okawaru
Sif Muna
Trog
Uskayaw

Shops:
D:4 *


Innate Abilities, Weirdness & Mutations

You can be seen from farther away. (+LOS)
You can swim through water.
You cover ground slowly.
You can hop short distances.


Message History

You're too confused to attack without stumbling around!
You're too confused to attack without stumbling around!
You're too confused to attack without stumbling around!
You're too confused to attack without stumbling around!
You bump into the metal wall.
The orc priest calls down the wrath of Beogh upon you.
Beogh smites you!
* * * LOW HITPOINT WARNING * * *
Something hits you but does no damage.
You bump into the metal wall.
You hear some strange, mumbled words.
Something tries to affect you, but you resist.
You bump into the metal wall.
You hear some strange, mumbled words.
Something tries to affect you, but you resist.
You bump into the metal wall.
You hear some strange, mumbled words.
A magic dart appears from out of thin air!
The magic dart hits you.
You die...

***,* ##...## #.#.8.8.#,,,
***,* ##'## #.'..∩..#,**
,,,,* #.# ###.8.8.#,*
,,,,* #.# #.....#,*
*****#######.#########
#######<* *
*..........o{.....# #.#
*,* * *.#####.....#####)#
#.# *,** *
*,#..)#.....#####.# #.#
*,,,
****,*,#........@{o#.###.#
****
o........#.###.###.......#
####.......# #.#####)#####
######### #.......#
#########


You could see an orc priest.

Vanquished Creatures
  A centaur (D:2)
  3 orc wizards
  A centaur skeleton (D:3)
  A hound skeleton (D:3)
  4 gnolls (D:2)
  4 adders
  2 worms
  A dart slug (D:2)
  3 leopard geckos (D:2)
  5 orcs
  5 giant cockroaches
  8 goblins
  7 hobgoblins
  5 jackals (D:2)
  A ball python (D:3)
  8 bats
  6 frilled lizards
  9 kobolds
  9 rats
83 creatures vanquished.

Notes
Turn   | Place    | Note
-------+----------+-------------------------------------------
     0 | D:1      | thesequoiad the Barachi Fighter began the quest for the
                  | Orb.
     0 | D:1      | Reached XP level 1. HP: 18/18 MP: 1/1
   194 | D:1      | Reached XP level 2. HP: 25/25 MP: 2/2
   486 | D:2      | Noticed a centaur
   493 | D:2      | Killed a centaur
   493 | D:2      | Reached XP level 3. HP: 11/30 MP: 3/3
   493 | D:2      | Reached XP level 4. HP: 14/37 MP: 4/4
  1237 | D:2      | Reached XP level 5. HP: 43/43 MP: 5/5
  2089 | D:2      | Reached skill level 5 in Shields
  2409 | D:3      | Reached XP level 6. HP: 46/49 MP: 6/6
  2631 | D:3      | Reached skill level 5 in Armour
  2753 | D:3      | Found a bloodstained altar of Trog.
  2838 | D:3      | Found a hide-covered altar of Uskayaw.
  2840 | D:3      | Found an iron altar of Okawaru.
  2862 | D:3      | Reached skill level 5 in Fighting
  2905 | D:3      | Found a shimmering blue altar of Sif Muna.
  2905 | D:3      | Found a burning altar of Makhleb.
  2910 | D:3      | Found a white marble altar of Elyvilon.
  2913 | D:3      | Became a worshipper of Warmaster Okawaru
  2915 | D:3      | Found a hazy altar of Hepliaklqana.
  3211 | D:4      | Found Uroz's Assorted Antiques.
  3216 | D:4      | Bought a scroll labeled UHUILOI TANIHIOC for 21 gold pieces
  3216 | D:4      | Bought a scroll labeled UHUILOI TANIHIOC for 21 gold pieces
  3343 | D:4      | HP: 2/51 [something/magic dart (7)]
  3355 | D:4      | HP: 2/51 [orc priest/divine providence (9)]
  3358 | D:4      | Killed from afar by an orc wizard

Levels and vault maps discovered:
D:1:      lemuel_arrival_funnel, layout_rooms
D:2:      layout_basic, first_ration, grunt_decor_fettered, solitary_fountain,
          minmay_circle_x
D:3:      layout_rooms, marbit_many_paths, minmay_overflow_temple_hex
D:4:      layout_loops_corners, serial_shops, kennysheep_little_box,
          nicolae_shop_crystal, abandoned_shop, uniq_natasha

Skill      XL: |  1  2  3  4  5  6 |
---------------+-------------------+-----
Fighting       | 4 5 |  5.0
Axes           | 3 |  3.8
Armour         | 4 5 |  5.1
Shields        | 4 5 |  5.6

Action                   |  1- 3 |  4- 6 || total
-------------------------+-------+-------++-------
Melee: War axe           |    38 |   265 ||   303
Throw: Boomerang         |       |    21 ||    21
  Use: Scroll            |       |     9 ||     9
       Potion            |       |     2 ||     2
  Eat: Chunk             |       |     9 ||     9
Armor: Scale mail        |    12 |       ||    12
       Chain mail        |     6 |   178 ||   184
Dodge: Dodged            |     3 |    60 ||    63
Block: Kite shield       |    23 |   169 ||   192

Table legend:
 A = Non-vault XP
 B = Vault XP
 C = Vault XP percentage of total XP
 D = Non-vault monster count
 E = Vault monster count
 F = Vault count percentage of total count
                 A         B        C        D         E       F
            +---------+---------+-------+---------+---------+-------
      Total |     498 |      31 |   5.9 |      75 |       8 |   9.6
            +---------+---------+-------+---------+---------+-------
        D:1 |      11 |       0 |   0.0 |      10 |       0 |   0.0
        D:2 |     290 |      13 |   4.3 |      34 |       7 |  17.1
        D:3 |     152 |      18 |  10.6 |      29 |       1 |   3.3
        D:4 |      45 |       0 |   0.0 |       2 |       0 |   0.0
            +---------+---------+-------+---------+---------+-------
